 Dungeon Crawl Stone Soup version 0.21-a0-71-g5e5ddd2 (webtiles) character file.

25652 xgamer67 the Severer (level 12, -7/120 HPs)
             Began as a Deep Dwarf Fighter on June 19, 2017.
             Was an Elder of Makhleb.
             Mangled by a sixfirhy (9 damage)
             ... on level 2 of the Orcish Mines.
             The game lasted 00:40:31 (6030 turns).

xgamer67 the Severer (Deep Dwarf Fighter)           Turns: 6030, Time: 00:40:31

Health: -7/120     AC: 19    Str: 23    XL:     12   Next: 91%
Magic:  0/8        EV:  8    Int:  8    God:    Makhleb [****..]
Gold:   1273       SH:  0    Dex: 13    Spells: 11/11 levels left

rFire    . . .     SeeInvis .   a - +0 battleaxe
rCold    . . .     Gourm    .   (shield currently unavailable)
rNeg     . . .     Faith    .   l - +2 chain mail {rPois}
rPois    +         Spirit   +   (no helmet)
rElec    .         Reflect  .   z - scarf {Spirit}
rCorr    +         Harm     .   v - +2 pair of gloves
MR       +....                  C - +2 pair of boots
Stlth    ..........             (no amulet)
HPRegen  0.00/turn              x - ring of resist corrosion
MPRegen  0.11/turn              s - ring of poison resistance

@: non-regenerating
A: damage resistance, heal wounds, dopey 1, sense surroundings 2, no
regeneration
a: Heal Wounds, Minor Destruction, Lesser Servant of Makhleb, Major Destruction,
Renounce Religion


You were on level 2 of the Orcish Mines.
You worshipped Makhleb.
Makhleb was greatly pleased with you.
You were hungry.

You visited 4 branches of the dungeon, and saw 17 of its levels.

You collected 1273 gold pieces.

Inventory:

Hand Weapons
 a - a +0 battleaxe (weapon)
Missiles
 r - a throwing net (quivered)
Armour
 c - a +0 shield
 l - a +2 chain mail of poison resistance (worn)
 n - a +1 chain mail of fire resistance
 v - a +2 pair of gloves (worn)
 z - a scarf of spirit shield (worn)
 A - a +0 plate armour
 C - a +2 pair of boots (worn)
Jewellery
 k - an uncursed ring of ice
 s - a ring of poison resistance (right hand)
 x - a ring of resist corrosion (left hand)
Wands
 g - a wand of digging (15/24)
 h - a wand of lightning (13/15)
 q - a wand of paralysis (17/24)
 u - a wand of flame (28/48)
 y - a wand of lightning (5/15)
 E - a wand of scattershot (0/9)
Scrolls
 b - 2 scrolls of amnesia
 m - 2 scrolls of remove curse
 H - 2 scrolls of teleportation
 K - a scroll of enchant weapon
 L - a scroll of fear
Potions
 e - 2 potions of heal wounds
 j - 4 potions of lignification
 p - 3 potions of haste
 t - a potion of brilliance
 D - 2 potions of resistance
 F - 3 potions of mutation
 I - 2 potions of ambrosia
Comestibles
 f - 10 bread rations
 o - 4 meat rations
 G - 5 chunks of flesh
 J - 5 royal jellies


   Skills:
 - Level 11.0 Fighting
 + Level 17.6 Axes
 - Level 7.0 Armour
 - Level 3.2 Shields
 - Level 4.1 Invocations
 - Level 4.0 Evocations


You had 11 spell levels left.
You didn't know any spells.

Dungeon Overview and Level Annotations

Branches:
Dungeon (11/15)            Temple (1/1) D:7            Lair (3/6) D:11
 Shoals (0/4) Lair:3       Spider (0/4) Lair:3          Orc (2/2) D:11
    Elf (0/3) Orc:2

Altars:
Ashenzari
Cheibriados
Dithmenos
Elyvilon
Fedhas
Gozag
Kikubaaqudgha
Makhleb
Qazlal
Sif Muna
Vehumet

Shops:
Orc:2 ?

Annotations:
D:10 exclusion: 2 oklob plants, Erica


Innate Abilities, Weirdness & Mutations

You are resistant to damage.
You can heal yourself by infusing magical energy.
You passively map the area around you.
You do not regenerate.
You are dopey. (Int -2)


Message History

The sixfirhy shocks you!
* * * LOW HITPOINT WARNING * * *
The sixfirhy hits you!
* * * LOW HITPOINT WARNING * * *
The sixfirhy shocks you!
* * * LOW HITPOINT WARNING * * *
The orc warrior hits you but does no damage.
The sixfirhy hits you but does no damage.
An orc comes into view.
As you read the scroll of fear, it crumbles to dust.
You assume a fearsome visage.
The sixfirhy is unaffected.
The orc looks frightened!
The orc priest looks frightened!
The orc warrior looks frightened!
The orc looks frightened! x2
The orc shouts!
The orc looks frightened!
The orc warrior looks frightened!
The orc priest looks frightened!
The orc looks frightened!
The sixfirhy hits you. The sixfirhy shocks you!
* * * LOW HITPOINT WARNING * * *
The sixfirhy hits you. The sixfirhy shocks you!
You die...

...................().....##
...................#.).....#
...................##)..#.##
..................###))###.#
.................###..## ##
................###.(## ,
...>...........###..##
..............###..## *
.............###@o##*
............###o3## * *
...........###oo## * * ,
..........# #.o. * ,**
.....#...# #....* ,, * *, *
, .......## #o..#o , ,,* *,
* .......# #∩.#... ,* ,, *
,, , ......##*....o#o , * *
.......## , , * ,


You could see a sixfirhy, 2 orc warriors, 2 orc priests and 5 orcs.

Vanquished Creatures
  A dire elephant (Lair:3)
  A hydra (Lair:3)
  2 two-headed ogres
  Urug (Lair:2)
  Pikel (D:4)
  2 orc knights
  A deep elf mage (D:10)
  A cyclops (Orc:1)
  An ugly thing (D:10)
  16 elephants (Lair:3)
  A torpor snail (Lair:3)
  2 spiny frogs
  2 komodo dragons (Lair:3)
  3 slime creatures (D:11)
  5 hippogriffs
  A spriggan (Lair:3)
  The ghost of TotoDurand the Skirmisher, an amateur VSFi of Wu Jian (D:5)
  A human (D:10)
  4 hogs (D:10)
  A hungry ghost (D:10)
  19 yaks
  Edmund (D:5)
  4 wargs
  3 porcupines
  Duvessa (D:6)
  2 water moccasins
  4 ice beasts
  An eye of draining (D:10)
  A phantom (D:4)
  A slave (D:4)
  A hornet zombie (D:10)
  A sky beast (D:10)
  16 orc warriors
  6 ogres
  5 centaurs
  8 wolves (Orc:1)
  2 crocodiles
  A big kobold (D:9)
  7 bullfrogs
  Dowan (D:6)
  A wyvern skeleton (D:6)
  4 scorpions
  4 killer bees (D:9)
  A howler monkey (D:6)
  3 crimson imps
  6 hounds
  13 orc priests
  A bullfrog zombie (D:11)
  2 jellies
  10 orc wizards
  A centaur skeleton (D:11)
  3 iguanas
  7 worker ants
  A killer bee zombie (D:7)
  A hound zombie (D:9)
  A worker ant zombie (D:6)
  A gnoll (D:9)
  6 adders
  A howler monkey skeleton (D:9)
  A shadow imp (D:11)
  4 leopard geckos
  40 orcs
  2 giant cockroaches
  2 goblins
  A hobgoblin (D:1)
  5 jackals
  6 quokkas
  A bat (D:3)
  8 kobolds
  A leopard gecko skeleton (D:5)
  2 fungi (Lair:3)
273 creatures vanquished.

Vanquished Creatures (others)
  A human (D:4)
  47 fungi
  10 plants (Lair:3)
58 creatures vanquished.

Grand Total: 331 creatures vanquished

Notes
Turn   | Place    | Note
-------+----------+-------------------------------------------
     0 | D:1      | xgamer67 the Deep Dwarf Fighter began the quest for the Orb.
     0 | D:1      | Reached XP level 1. HP: 20/20 MP: 1/1
   217 | D:4      | Noticed a phantom
   219 | D:4      | Noticed an orc wizard
   219 | D:4      | Noticed an orc wizard
   263 | D:4      | Noticed a scorpion
   266 | D:4      | Reached skill level 3 in Axes
   266 | D:4      | Reached XP level 2. HP: 25/27 MP: 2/2
   271 | D:4      | Killed a scorpion
   271 | D:4      | Reached skill level 4 in Axes
   271 | D:4      | Reached XP level 3. HP: 31/33 MP: 3/3
   341 | D:4      | Noticed a hippogriff
   359 | D:4      | Killed a hippogriff
   359 | D:4      | Reached skill level 6 in Axes
   359 | D:4      | Reached XP level 4. HP: 21/40 MP: 4/4
   359 | D:4      | Reached XP level 5. HP: 24/46 MP: 5/5
   409 | D:4      | Reached skill level 7 in Axes
   409 | D:4      | Reached XP level 6. HP: 39/55 MP: 6/6
   451 | D:4      | Found an ancient bone altar of Kikubaaqudgha.
   453 | D:4      | Noticed a human
   456 | D:4      | Killed a human
   531 | D:4      | Reached skill level 8 in Axes
   536 | D:4      | Noticed a slave
   555 | D:4      | Killed a slave
   568 | D:4      | Noticed Pikel
   568 | D:4      | Noticed a slave
   569 | D:4      | Noticed a slave
   582 | D:4      | Noticed a slave
   582 | D:4      | Killed Pikel
   582 | D:4      | Reached skill level 9 in Axes
   582 | D:4      | Reached XP level 7. HP: 40/61 MP: 7/7
   601 | D:5      | Entered Level 5 of the Dungeon
   642 | D:5      | Reached skill level 10 in Axes
   643 | D:5      | Reached XP level 8. HP: 44/68 MP: 8/8
   683 | D:5      | Noticed Edmund
   694 | D:5      | Killed Edmund
   763 | D:5      | Found a deep blue altar of Sif Muna.
  1016 | D:6      | Reached skill level 11 in Axes
  1016 | D:6      | Noticed a two-headed ogre
  1018 | D:6      | Noticed Dowan
  1055 | D:5      | Noticed TotoDurand's ghost (amateur VSFi)
  1063 | D:5      | Killed TotoDurand's ghost
  1189 | D:6      | Noticed Duvessa
  1206 | D:6      | Reached skill level 12 in Axes
  1215 | D:6      | Killed Duvessa
  1219 | D:6      | Killed Dowan
  1349 | D:7      | Found a shadowy altar of Dithmenos.
  1585 | D:7      | Gained mutation: You passively map the area around you. [Deep Dwarf growth]
  1585 | D:7      | Reached XP level 9. HP: 51/74 MP: 9/9
  1694 | D:6      | Reached skill level 13 in Axes
  1706 | D:6      | Killed a two-headed ogre
  1776 | D:6      | Reached skill level 14 in Axes
  1968 | D:7      | Found a staircase to the Ecumenical Temple.
  1977 | Temple   | Entered the Ecumenical Temple
  1982 | Temple   | Became a worshipper of Makhleb the Destroyer
  2314 | D:8      | Reached skill level 15 in Axes
  2316 | D:8      | Reached XP level 10. HP: 42/81 MP: 8/8
  2564 | D:9      | Got a shimmering scale mail
  2627 | D:9      | Noticed a two-headed ogre
  2644 | D:9      | Killed a two-headed ogre
  2644 | D:9      | Reached * piety under Makhleb
  2644 | D:9      | Reached skill level 16 in Axes
  3016 | D:10     | Entered Level 10 of the Dungeon
  3058 | D:10     | Found a blossoming altar of Fedhas.
  3060 | D:10     | Noticed an oklob plant
  3060 | D:10     | Noticed an oklob plant
  3217 | D:10     | Reached skill level 17 in Axes
  3381 | D:10     | Found a snail-covered altar of Cheibriados.
  3381 | D:10     | Found a shattered altar of Ashenzari.
  3381 | D:10     | Noticed a deep elf mage
  3381 | D:10     | Noticed Erica
  3389 | D:10     | Noticed a green ugly thing
  3408 | D:10     | Killed a green ugly thing
  3408 | D:10     | Reached XP level 11. HP: 60/90 MP: 2/7
  3409 | D:10     | Noticed a deep troll earth mage
  3415 | D:10     | Noticed a yaktaur captain
  3421 | D:10     | Killed a deep elf mage
  3498 | D:11     | Reached ** piety under Makhleb
  3534 | D:11     | Identified the cursed +0 scale mail of Kippesk {*Contam Regen+ Int-4 Dex+5} (You found it on level 9 of the Dungeon)
  3596 | D:11     | Reached skill level 5 in Armour
  3599 | D:11     | Found a staircase to the Lair.
  3608 | Lair:1   | Entered Level 1 of the Lair of Beasts
  3612 | Lair:1   | Gained mutation: You are dopey. (Int -2) [mutagenic glow]
  3950 | Lair:2   | Reached skill level 5 in Fighting
  3967 | Lair:2   | Noticed Urug
  3992 | Lair:2   | Killed Urug
  4483 | Lair:3   | Found a staircase to the Shoals.
  4709 | Lair:3   | Reached XP level 12. HP: 81/112 MP: 0/8
  4733 | Lair:3   | Noticed a dire elephant
  4756 | Lair:3   | Killed a dire elephant
  4756 | Lair:3   | Reached *** piety under Makhleb
  4827 | Lair:3   | Reached skill level 10 in Fighting
  4848 | Lair:3   | Noticed a four-headed hydra
  4868 | Lair:3   | Killed a 12-headed hydra
  4880 | Lair:3   | Reached skill level 1 in Invocations
  4880 | Lair:3   | Reached skill level 1 in Evocations
  4976 | Lair:3   | Found a hole to the Spider Nest.
  5171 | D:11     | Found a staircase to the Orcish Mines.
  5189 | Orc:1    | Entered Level 1 of the Orcish Mines
  5405 | Orc:1    | Reached **** piety under Makhleb
  5607 | Orc:2    | Entered Level 2 of the Orcish Mines
  5899 | Orc:2    | Found a staircase to the Elven Halls.
  6024 | Orc:2    | Found Eqoth's Magic Scroll Emporium.
  6030 | Orc:2    | HP: 2/120 [sixfirhy (10)]
  6030 | Orc:2    | Mangled by a sixfirhy

Vault maps used:
D:1:      saegor_arrival_simple_e
D:2:      kennysheep_six_static_rooms
D:3:      first_bread
D:4:      cheibrodos_helix_gallery, tgw_kikubaaqudgha, uniq_pikel
D:5:      kennysheep_cluttered_room, lemuel_blue_sif_altar, uniq_edmund
D:6:      uniq_duvessa
D:7:      kennysheep_mini, minmay_temple_entry_statues_pillars
D:10:     grunt_livestock, hangedman_tree_tricks, jmf_multi_god_temple,
          uniq_erica
D:11:     orc_0_dummy
Temple:   compressed_dpeg_triangle_lava_temple
Lair:1:   kennysheep_rathole
Lair:2:   minmay_holes, infiniplex_staircase_pool, grunt_megastairs_5, uniq_urug
Lair:3:   mu_elephants_graveyard, elwin_shoals_entry_rocks, dummy_spider_entry,
          cheibrodos_lair_caveside_slide, lemuel_fruit_tree
Orc:1:    mines5_lemuel
Orc:2:    pf_orc_diabolical

Skill      XL: |  1  2  3  4  5  6  7  8  9 10 11 12 |
---------------+-------------------------------------+-----
Axes           | 3 4 6 7 9 10 12 15 17 | 17.6
Fighting       | 3 8 11 | 11.0
Armour         | 4 7 |  7.0
Invocations    | 4 |  4.1
Evocations     | 4 |  4.0
Shields        | |  3.2

Action                   |  1- 3 |  4- 6 |  7- 9 | 10-12 || total
-------------------------+-------+-------+-------+-------++-------
Melee: War axe           |    36 |    59 |   310 |   844 ||  1249
       Battleaxe         |       |       |       |    65 ||    65
Throw: Throwing net      |       |       |       |     1 ||     1
 Abil: Heal Wounds       |       |     2 |     6 |    34 ||    42
Evoke: Wand              |       |       |       |     3 ||     3
  Use: Scroll            |       |       |     8 |    17 ||    25
       Potion            |       |       |       |     3 ||     3
 Stab: Held in net/web   |       |       |       |     1 ||     1
  Eat: Chunk             |       |       |     5 |    15 ||    20
Armor: Scale mail        |    10 |       |       |       ||    10
       Chain mail        |    27 |    48 |   146 |   409 ||   630
Dodge: Dodged            |    12 |    14 |    50 |   236 ||   312
Block: Shield            |    13 |    32 |   146 |   143 ||   334
